 Dungeon Crawl Stone Soup version 0.27-a0-1105-g946c659c87 (webtiles) character file.

Game seed: 2412640783233639585

60 tsouns the Chiller (level 3, -4/24 HPs)
             Began as a Demonspawn Ice Elementalist on Apr 30, 2021.
             Slain by Sigmund
             ... wielding a +0 scythe
              (10 damage)
             ... on level 2 of the Dungeon.
             The game lasted 00:03:25 (1596 turns).

tsouns the Chiller (Demonspawn Ice Elementalist)    Turns: 1596, Time: 00:03:25

Health: -4/24      AC:  2    Str:  8    XL:     3   Next: 82%
Magic:  5/7        EV: 12    Int: 17    God:
Gold:   86         SH:  0    Dex: 13    Spells: 1/8 levels left

rFire    . . .     SeeInvis .   j - +0 flail
rCold    . . .     Faith    .   (no shield)
rNeg     . . .     Spirit   .   a - +0 robe
rPois    .         Reflect  .   (no helmet)
rElec    .         Harm     .   (no cloak)
rCorr    .         Rampage  .   (no gloves)
Will     .....                  (no boots)
Stlth    +.........             (no amulet)
HPRegen  0.08/turn              (no ring)
MPRegen  0.10/turn              (no ring)

@: confused, flying, hasted, very quick
A: claws 1
a: no special abilities


You were on level 2 of the Dungeon.
You visited 1 branch of the dungeon, and saw 2 of its levels.

You collected 86 gold pieces.

Inventory:

Hand Weapons
 b - a +0 short sword
 j - a +0 flail (weapon)
Missiles
 k - 6 javelins
Armour
 a - a +0 robe (worn)
Scrolls
 d - a scroll of magic mapping {unknown}
 e - a scroll of enchant weapon {unknown}
 f - a scroll of immolation {unknown}
 h - a scroll of identify {unknown}
Potions
 c - a potion of lignification {unknown}
 i - a potion of haste


   Skills:
 - Level 1.7 Dodging
 - Level 1.7 Stealth
 + Level 3.1 Spellcasting
 + Level 4.3 Ice Magic


You had one spell level left.
You knew the following spells:

 Your Spells              Type           Power      Damage    Failure   Level
a - Freeze                Ice            68%        1d8       3%          1
b - Frozen Ramparts       Ice            34%        1d5       9%          3
c - Ozocubu's Armour      Ice            17%        N/A       9%          3

Your spell library contained the following spells:

 Spells                   Type           Power      Damage    Failure   Level
 Hailstorm                Conj/Ice       10%        3d5       56%         4
 Metabolic Englaciation   Hex/Ice        5%         N/A       89%         5


Dungeon Overview and Level Annotations

Branches:
Dungeon (2/15)

Altars:

Annotations:
D:2 Sigmund


Innate Abilities, Weirdness & Mutations

You have sharp fingernails.


Message History

Press: ? - help, Shift-Dir - straight line, f/p - ball python
Aim: a ball python (moderately wounded, constricting you, slow)
You freeze the ball python.
You kill the ball python!
HP restored.
You see here a ball python corpse.
Found 6 stones.
You see here 6 stones.
There is a shaft here.
Sigmund is nearby!
Sigmund shouts!
Sigmund casts a spell at himself.
Sigmund flickers and vanishes!
Deactivating autopickup; reactivate with Ctrl-A.
Casting: Freeze (safe; 3% risk of failure)
Confirm with . or Enter, or press ? or * to list all spells.
You can't see any susceptible monsters within range! (Use Z to cast anyway.) Unknown command.
Casting: Freeze (safe; 3% risk of failure)
Confirm with . or Enter, or press ? or * to list all spells.
Aiming: Freeze (safe; 3% risk of failure)
Press: ? - help, Shift-Dir - straight line, f - you You freeze something.
Something hits you!
Casting: Freeze (safe; 3% risk of failure)
Confirm with . or Enter, or press ? or * to list all spells.
Aiming: Freeze (safe; 3% risk of failure)
Press: ? - help, Shift-Dir - straight line, f - you You freeze something.
You hear some strange, mumbled words.
You are confused.
Unknown command.
It was a potion of haste.
You feel yourself speed up.
You hear some strange, mumbled words.
A puff of flame appears from out of thin air!
The puff of flame hits you!
* * * LOW HITPOINT WARNING * * *
It was a potion of flight.
You feel very buoyant.
You fly up into the air.
Something hits you!
You die...

.......#..........##...........
.......................###.....
.......####.......##....##...#
.......###.......###......$.###
..................###..........
.......#..................#####
.......#...........###...##
.......#.###....{######..####
##.###...####...@###........#
##.##)............##........#
##........######...#...(..@.#
...#...#### ##...<...[...#
##....## ##....#.....(. ......#
##..>#........ .....##
#............ .....#
#........... .....#
#...........


There were no monsters in sight!

Vanquished Creatures
  2 gnolls
  An adder (D:2)
  2 dart slugs (D:1)
  3 bats
  4 endoplasms
  4 goblins
  2 jackals (D:1)
  A kobold (D:1)
  A quokka (D:1)
  5 ball pythons
  A frilled lizard (D:1)
  A rat (D:1)
27 creatures vanquished.

Notes
Turn   | Place    | Note
-------+----------+-------------------------------------------
     0 | D:1      | tsouns the Demonspawn Ice Elementalist began the quest for
                  | the Orb.
     0 | D:1      | Reached XP level 1. HP: 13/13 MP: 3/3
   185 | D:1      | Gained mutation: You have sharp fingernails. [demonic
                  | ancestry]
   185 | D:1      | Reached XP level 2. HP: 12/19 MP: 3/5
   503 | D:1      | Reached skill level 4 in Ice Magic
   774 | D:2      | Noticed Sigmund
   868 | D:2      | Reached XP level 3. HP: 19/24 MP: 2/7
   874 | D:1      | Learned a level 3 spell: Frozen Ramparts
   878 | D:1      | Learned a level 3 spell: Ozocubu's Armour
  1326 | D:2      | Noticed a gnoll sergeant
  1596 | D:2      | Slain by Sigmund

Illustrated notes

Levels and vault maps discovered:
D:1:      nagdon_arrival_double_spiral, layout_rooms,
          minmay_misc_feat_secret_circle, serial_park_tiny_2
D:2:      minmay_diamond_boxcup, layout_rooms, uniq_sigmund

Skill      XL: |  1  2  3 |
---------------+----------+-----
Ice Magic      | 4 |  4.3
Spellcasting   | 3 |  3.1
Dodging        | |  1.7
Stealth        | |  1.7

Action                   || total
-------------------------++-------
Melee: Short sword       ||    15
       Flail             ||     1
 Cast: Freeze            ||    42
  Use: Potion            ||     2
 Stab: Sleeping          ||     2
Armor: Robe              ||     5
Dodge: Dodged            ||    29

Table legend: (Time is in decaauts)
 A = Elapsed time spent in this place.
 B = Non-inter-level travel time spent in this place.
 C = Inter-level travel time spent in this place.
 D = Time resting spent in this place.
 E = Time spent auto-exploring this place.
 F = Levels seen in this place.
 G = Mean time per level.
                   A        B        C        D        E       F      G
               +--------+--------+--------+--------+--------+-----+--------+
         Total |   1602 |   1540 |     62 |      0 |   1275 |   2 |  801.0 |
       Dungeon |   1602 |   1540 |     62 |      0 |   1275 |   2 |  801.0 |
               +--------+--------+--------+--------+--------+-----+--------+

Top non-repeatable levels by time:
     D:1: 1304 daAuts
     D:2: 298 daAuts
